 Dungeon Crawl Stone Soup version 0.31-a0-455-g1a7b003ef0 (webtiles) character file.

Game seed: 532012236295163870

1808252 motkuripzs the Crack Shot (level 26, 140/172 HPs)
             Began as a Deep Elf Conjurer on Aug 3, 2023.
             Was the Champion of Cheibriados.
             Escaped with the Orb
             ... and 3 runes!
             The game lasted 04:06:48 (58319 turns).

motkuripzs the Crack Shot (Deep Elf Conjurer)      Turns: 58319, Time: 04:06:49

Health: 140/172    AC: 33    Str: 22    XL:     26   Next: 1%
Magic:  54/54      EV: 47    Int: 47    God:    Cheibriados [******]
Gold:   2327       SH:  0    Dex: 41    Spells: 20/57 levels left

rFire   + + +        I - +8 longbow (freeze)
rCold   + . .        (shield currently unavailable)
rNeg    . . .        o - +8 fire dragon scales {Xtahua}
rPois   +            c - +1 hat {Int+3}
rElec   +            D - scarf {rC+ rF+}
rCorr   +            j - +2 pair of gloves {Dex+3}
SInv    .            W - +3 pair of mountain boots {steadfast, rC+}
Will    +++..        i - amulet of Itoj {rElec Will+ Regen+ Str+4 Slay+3}
Stlth   +++          R - ring "Origesoq" {rCorr EV+5 Stlth+}
HPRegen 1.28/turn    V - ring of Kupir {rPois rF+ MP+9}
MPRegen 0.34/turn

%: no passive effects
@: studying Axes, very slow
A: talons 1, agile 1, screaming 1, shaggy fur 1, no potion heal 1
0: Orb of Zot
}: 3/15 runes: decaying, silver, gossamer
a: Renounce Religion, Bend Time, Temporal Distortion, Slouch, Step From Time


You escaped.
You worshipped Cheibriados.
Cheibriados was exalted by your worship.
You visited 10 branches of the dungeon, and saw 48 of its levels.
You visited 1 bazaar.
You also visited: Trove, Sewer and Wizlab.

You collected 7892 gold pieces.
You spent 5565 gold pieces at shops.

Inventory:

Hand Weapons
 B - a +2 antimagic arbalest
 I - a +8 longbow of freezing (weapon)
 L - the +10 longbow "Ycairukhowe" {drain, *Corrode Dex+4}
   (You acquired it on level 2 of the Depths)

   Dex:       It affects your dexterity (+4).
   *Corrode:  It may corrode you when you take damage.
Armour
 c - a +1 hat of intelligence (worn)
 j - a +2 pair of gloves of dexterity (worn)
 o - +8 fire dragon scales (worn) {Xtahua}
 C - the +0 toga "Victory" {*Victory Clar}
   (You found it on level 5 of the Dungeon)

   *Victory:  When the wearer kills a threatening monster, it has a chance to
   gain +1 AC, +1 Slay, and +1 Int, capping at +7.
   When the wearer uses a scroll or a potion with a hostile monster in sight,
   its bonuses reset to +0.
   Unequipping it also resets its bonuses to +0.
   Clar:      It protects you from confusion, rage, mesmerisation and fear.
 D - a scarf of resistance (worn)
 W - the +3 pair of mountain boots (worn) {steadfast, rC+}
   (You found it on level 3 of the Elven Halls)

   Steadfast: It prevents involuntary movement, except for blinking,
   teleportation, or banishment.
   rC:        It protects you from cold.
Jewellery
 b - the ring "Liorgh" {rF+ Will- AC+4 Str+4 Int+3}
   (You found it in a treasure trove)

   [ring of protection]

   AC:        It affects your AC (+4).
   Str:       It affects your strength (+4).
   Int:       It affects your intelligence (+3).
   rF:        It protects you from fire.
   Will:      It decreases your willpower.
 i - the amulet of Itoj (around neck) {rElec Will+ Regen+ Str+4 Slay+3}
   (You acquired it on level 1 of the Orcish Mines)

   [amulet of regeneration]

   Str:       It affects your strength (+4).
   Slay:      It affects your accuracy & damage with ranged weapons and melee
   (+3).
   rElec:     It insulates you from electricity.
   Regen:     It increases your rate of health regeneration.
   Will:      It increases your willpower.
 l - a ring of protection from fire
 n - the ring of Winter {rF- rC+++ Str+6 Dex-3 Stlth+}
   (You found it on level 1 of the Realm of Zot)

   [ring of strength]

   Str:       It affects your strength (+6).
   Dex:       It affects your dexterity (-3).
   rF:        It makes you vulnerable to fire.
   rC:        It renders you almost immune to cold.
   Stlth:     It makes you more stealthy.
 p - the macabre finger necklace {Finger+ rN+}
   (You found it in a wizard's laboratory)

   [amulet of nothing]

   Finger+:   It enables you to equip an extra ring.
   rN:        It protects you from negative energy.
 r - the amulet of the Four Winds {rN+ Will+++ Clar}
   (You bought it in a shop on level 1 of the Orcish Mines)

   [amulet of nothing]

   rN:        It protects you from negative energy.
   Clar:      It protects you from confusion, rage, mesmerisation and fear.
   Will:      It greatly increases your willpower.
 E - the ring "Cumujudiru" {+Blink Will+++ EV+5 Dex+3 Stlth-}
   (You found it in a treasure trove)

   [ring of evasion]

   EV:        It affects your evasion (+5).
   Dex:       It affects your dexterity (+3).
   +Blink:    It lets you blink.
   Will:      It greatly increases your willpower.
   Stlth:     It makes you less stealthy.
 H - a ring of flight
 J - the ring of the Dolphin {rF+ AC+4}
   (You found it on level 1 of the Realm of Zot)

   [ring of protection]

   AC:        It affects your AC (+4).
   rF:        It protects you from fire.
 R - the ring "Origesoq" (left hand) {rCorr EV+5 Stlth+}
   (You found it in a treasure trove)

   [ring of evasion]

   EV:        It affects your evasion (+5).
   rCorr:     It protects you from acid and corrosion.
   Stlth:     It makes you more stealthy.
 T - the ring of Onoumn {rN+ Str+3 Dex-2 SInv}
   (You found it in a treasure trove)

   [ring of see invisible]

   Str:       It affects your strength (+3).
   Dex:       It affects your dexterity (-2).
   rN:        It protects you from negative energy.
   SInv:      It lets you see invisible.
 V - the ring of Kupir (right hand) {rPois rF+ MP+9}
   (You found it on level 3 of the Depths)

   [ring of magical power]

   rF:        It protects you from fire.
   rPois:     It protects you from poison.
   MP:        It affects your magic capacity (+9).
 Y - the amulet "Hero's Friend" {Spirit -Tele rPois Will++}
   (You found it in a treasure trove)

   [amulet of guardian spirit]

   It causes incoming damage to be divided between your reserves of health and
   magic.
   rPois:     It protects you from poison.
   -Tele:     It prevents most forms of teleportation.
   Will:      It greatly increases your willpower.
Wands
 x - a wand of digging (13)
 y - a wand of paralysis (45)
 F - a wand of light (26)
 G - a wand of mindburst (41)
 U - a wand of roots (62)
 Z - a wand of flame (12)
Scrolls
 f - 3 scrolls of revelation
 h - 19 scrolls of teleportation
 s - 7 scrolls of fear
 t - 2 scrolls of blinking
 M - 10 scrolls of silence
 N - 4 scrolls of summoning
 O - 10 scrolls of poison
 P - 2 scrolls of brand weapon
 Q - 4 scrolls of fog
Potions
 d - 25 potions of curing
 g - 10 potions of might
 k - 3 potions of heal wounds
 m - 11 potions of magic
 u - 6 potions of brilliance
 v - 6 potions of invisibility
 w - 12 potions of ambrosia
 z - 5 potions of cancellation
 A - a potion of resistance
 K - 7 potions of enlightenment
 X - a potion of mutation
Miscellaneous
 a - a lightning rod (4/4)
 e - a phantom mirror (inert)
 q - a condenser vane
 S - a phial of floods


   Skills:
 - Level 19.0 Fighting
 + Level 24.6 Ranged Weapons
 - Level 18.1 Armour
 - Level 24.0 Dodging
 - Level 21.0 Stealth
 - Level 16.0 Spellcasting
 - Level 11.0 Conjurations
 - Level 3.0 Hexes
 - Level 11.6 Summonings
 - Level 14.0 Necromancy
 - Level 2.0 Translocations
 - Level 4.0 Ice Magic
 - Level 3.0 Air Magic
 - Level 3.0 Earth Magic
 - Level 1.0 Poison Magic
 - Level 11.0 Invocations
 - Level 5.0 Evocations


You had 20 spell levels left.
You knew the following spells:

 Your Spells              Type           Power      Damage    Failure   Level
b - Iskenderun's Mystic   Conj/Tloc      78%        2d16      1%          4
c - Haunt                 Necr/Summ      51%        N/A       5%          7
g - Freezing Cloud        Conj/Ice/Air   38%        6-21      2%          5
i - Iskenderun's Battles  Conj           96%        2d14      1%          5
j - Borgnjor's Vile Clut  Necr/Erth      43%        N/A       1%          5
k - Death Channel         Necr           53%        N/A       1%          6
l - Yara's Violent Unrav  Hex/Tmut       25%        3d11      19%         5

Your spell library contained the following spells:

 Spells                   Type           Power      Damage    Failure   Level
 Magic Dart               Conj           100%       1d8       0%          1
 Vampiric Draining        Necr           100%       2d13      0%          3
 Apportation              Tloc           100%       N/A       1%          1
 Foxfire                  Conj/Fire      100%       2x1d9     1%          1
 Freeze                   Ice            100%       1d10      1%          1
 Sandblast                Erth           100%       2d20      1%          1
 Slow                     Hex            100%       N/A       1%          1
 Sting                    Tmut/Pois      100%       1d8       1%          1
 Blink                    Tloc           100%       N/A       1%          2
 Cigotuvi's Dreadful Rot  Necr/Pois/Air  100%       N/A       1%          2
 Lesser Beckoning         Tloc           100%       N/A       1%          2
 Momentum Strike          Conj/Tloc      100%       3d10      1%          2
 Passwall                 Tmut/Erth      42%        N/A       1%          2
 Poisonous Vapours        Pois/Air       100%       N/A       1%          2
 Searing Ray              Conj           100%       2d8       1%          2
 Static Discharge         Conj/Air       100%       2-7/arc   1%          2
 Wereblood                Tmut           37%        N/A       1%          2
 Call Canine Familiar     Summ           99%        N/A       1%          3
 Confusing Touch          Hex            60%        N/A       1%          3
 Dazzling Flash           Conj/Hex       100%       N/A       1%          3
 Frozen Ramparts          Ice            100%       1d16      1%          3
 Gell's Gravitas          Tloc           54%        N/A       1%          3
 Hailstorm                Conj/Ice       83%        3d17      1%          3
 Mephitic Cloud           Conj/Pois/Air  71%        N/A       1%          3
 Ozocubu's Armour         Ice            66%        N/A       1%          3
 Stone Arrow              Conj/Erth      100%       3d13      1%          3
 Swiftness                Air            60%        N/A       1%          3
 Teleport Other           Tloc           54%        N/A       1%          3
 Tukima's Dance           Hex            60%        N/A       1%          3
 Anguish                  Hex/Necr       43%        N/A       1%          4
 Animate Armour           Summ/Erth      100%       N/A       1%          4
 Animate Dead             Necr           100%       N/A       1%          4
 Dispel Undead            Necr           100%       3d31      1%          4
 Flame Wave               Conj/Fire      73%        2d16      1%          4
 Fulminant Prism          Conj/Hex       40%        3d19      1%          4
 Summon Ice Beast         Ice/Summ       84%        N/A       1%          4
 Summon Lightning Spire   Summ/Air       82%        N/A       1%          4
 Summon Forest            Summ/Tloc      40%        N/A       1%          5
 Summon Mana Viper        Hex/Summ       82%        N/A       1%          5
 Summon Cactus Giant      Summ           49%        N/A       1%          6
 Volatile Blastmotes      Fire/Tloc      94%        2d17      2%          3
 Ignite Poison            Fire/Tmut/Pois 40%        N/A       3%          3
 Airstrike                Air            30%        2d(5-21)  3%          4
 Cause Fear               Hex            30%        N/A       3%          4
 Fireball                 Conj/Fire      36%        3d15      3%          5
 Irradiate                Conj/Tmut      36%        3d23      3%          5
 Simulacrum               Ice/Necr       44%        N/A       4%          6
 Manifold Assault         Tloc           54%        N/A       5%          4
 Passage of Golubria      Tloc           54%        N/A       5%          4
 Olgreb's Toxic Radiance  Pois           47%        N/A       8%          4
 Metabolic Englaciation   Hex/Ice        31%        N/A       8%          5
 Summon Hydra             Summ           49%        N/A       9%          7
 Spellforged Servitor     Conj/Summ      48%        N/A       10%         7
 Conjure Ball Lightning   Conj/Air       40%        3x3d13    11%         6
 Leda's Unmaking          Conj/Erth      40%        9d7       11%         6
 Orb of Destruction       Conj           48%        9d13      11%         7
 Starburst                Conj/Fire      36%        6d11      19%         6
 Alistair's Intoxication  Tmut/Pois      28%        N/A       26%         5
 Infestation              Necr           53%        N/A       26%         8
 Malign Gateway           Summ/Tloc      40%        N/A       52%         7
 Summon Horrible Things   Summ           49%        N/A       54%         8
 Dispersal                Tloc           27%        N/A       63%         6
 Plasma Beam              Fire/Air       25%        2x1d38    69%         6
 Eringya's Noxious Bog    Tmut/Pois      21%        4d6       83%         6
 Ozocubu's Refrigeration  Ice            33%        4d14      89%         7
 Enfeeble                 Hex            30%        N/A       96%         7
 Lehudib's Crystal Spear  Conj/Erth      40%        10d10     99%         8
 Discord                  Hex            30%        N/A       100%        8
 Disjunction              Tloc           27%        N/A       100%        8
 Ignition                 Fire           18%        3d7       100%        8
 Fire Storm               Conj/Fire      36%        8d9       100%        9
 Shatter                  Erth           30%        3d25*     100%        9


Dungeon Overview and Level Annotations

Branches:
Dungeon (15/15)            Temple (1/1) D:6            Lair (5/5) D:11
  Swamp (4/4) Lair:3       Spider (4/4) Lair:3          Orc (2/2) D:12
    Elf (3/3) Orc:2        Vaults (5/5) D:13          Crypt (0/3) Vaults:2
 Depths (4/4) D:15            Zot (5/5) Depths:4      Sewer (visited)
 WizLab (visited)
  Slime: Lair:4-5

Altars:
Ashenzari
Cheibriados
Dithmenos
Elyvilon
Fedhas
Gozag
Hepliaklqana
Kikubaaqudgha
Makhleb
Nemelex Xobeh
Okawaru
Qazlal
Ru
Sif Muna
Trog
Uskayaw
Vehumet
Wu Jian
Xom
Yredelemnul
Zin
The Shining One

Shops:
D:5 *   D:8 (   Orc:1 !**   Orc:2 :![(   Elf:1 :   Vaults:4 !   Depths:2 ?=[?
Depths:3 *=:?   Depths:4 ::=

Portals:
Hell: Depths:1 Depths:2 Depths:3 Depths:4
Abyss: Depths:3
Pandemonium: Depths:1 Depths:2
Ziggurat: Depths:2

Annotations:
D:1 exclusion: downstairs
D:4 exclusion: downstairs
D:7 exclusion: downstairs
Lair:3 2 transporters, PROFITTTT's ghost, journeyman DEEn
Lair:4 exclusion: downstairs
Lair:5 1 runed translucent door, exclusion: 2 oklob plants, floatRand's ghost, journeyman DrSh
Zot:2 exclusion: downstairs
Zot:4 4 transporters, exclusion: downstairs


Innate Abilities, Weirdness & Mutations

You have sharp toenails.
You are agile. (Dex +4, Str/Int -1)
You occasionally shout uncontrollably at your foes.
You are covered in fur. (AC +1)
Potions are less effective at restoring your health.


Message History

The Tzitzimitl calls on the powers of darkness!
Your body is wracked with pain!
* * * LOW HITPOINT WARNING * * *
Your system partially rejects the healing.
You feel much better.
The zombie hands constrict the Tzitzimitl!
The Tzitzimitl struggles to escape constriction.
You are too injured to fight recklessly!
Casting: Iskenderun's Mystic Blast (mildly dangerous; 1% risk of failure)
Press: ? - help, Q - select action, (/) - cycle Dir - look around, f - activate
Okay, then.
Fire: I) +8 longbow (freeze)
Press: ? - help, Shift-Dir - straight line, f/p - Tzitzimitl
Aim: a Tzitzimitl (almost dead, constricted by zombie hands, 94% to hit)
You shoot an arrow. The arrow hits the Tzitzimitl!!
The arrow freezes the Tzitzimitl.
You kill the Tzitzimitl!
Cheibriados thoroughly appreciates the change of pace.
Okay, then.
Your system partially rejects the healing.
You feel much better.
Your system partially rejects the healing.
You feel much better.
Your system partially rejects the healing.
You feel much better.
Your system partially rejects the healing.
You feel much better.
(D) Dungeon (T) Temple (L) Lair (S) Swamp (N) Spider Nest (O) Orcish Mines (E) Elven Halls (V) Vaults (C) Crypt (U) Depths (H) Hell (Z) Zot
Where to? (Enter - D:1 @ (x,y), ? - help)
Okay, then.
Magic restored.
Aiming: Dig
Press: ? - help, Shift-Dir - straight line A rock wall.
This square is covered in magical glow.
The rock shatters into small pieces.
There is a staircase leading out of the dungeon here.
You have escaped!

.....##..........#...............
####.########......#####.######..
# #.# #.##.##### #.#.......
####.# #.#.##### #.#.##....
.....# #......#####.#.....#.
##############.###.......#######.
∩##∩∩##∩∩##∩∩##.##.######......#.
.............###.#......#.####.#.
.......÷........@..####.#.# #.#.
................##..# #.#.# #.#.
...............####.# #.#.# #.#.
.............### #.###.#.# #.#.
....#...∩∩∩### #.....#.# #.#.
....∩.#.#### ########..#.# #.#.
...#..### #.........#.####.#.
......# #.............##.#.
...##.# #.............##.#.


There were no monsters in sight!

Vanquished Creatures
  4 dread liches
  4 ancient liches
  4 orbs of fire (Zot:5)
  Sojobo (Vaults:4)
  Vv (Zot:2)
  3 Killer Klowns (Zot:5)
  Bai Suzhen (Swamp:4)
  Xtahua (Vaults:5)
  3 curse toes
  Saint Roka (Orc:2)
  12 golden dragons
  Jory (Vaults:3)
  Nikola (Spider:3)
  Arachne (Spider:2)
  A Tzitzimitl (D:1)
  8 electric golems
  2 Ice Fiends
  5 liches
  29 Orb Guardians
  18 tentacled monstrosities
  Asterion (Spider:2)
  Jorgrun (Swamp:2)
  4 titans (Vaults:5)
  A walking frostbound tome (Depths:4)
  2 deep elf blademasters
  2 deep elf master archers (Elf:3)
  11 quicksilver dragons
  An Executioner (Zot:5)
  8 death cobs
  Gastronok (D:11)
  8 sphinxes
  Kirke (D:15)
  2 thorn hunters
  Agnes (Spider:1)
  7 tengu reavers
  5 ancient champions (WizLab)
  14 storm dragons
  9 draconian monks
  Aizul (Spider:2)
  10 shadow dragons
  3 revenants (WizLab)
  Roxanne (Spider:2)
  9 frost giants
  9 draconian scorchers
  6 draconian knights
  6 fire giants
  A fenstrider witch (Swamp:2)
  13 vault wardens
  6 deep elf sorcerers
  6 emperor scorpions
  Louise (D:15)
  3 balrugs
  An iron dragon (Depths:3)
  11 ghost moths
  A caustic shrike zombie (WizLab)
  7 draconian shifters
  4 deep elf elementalists (Elf:3)
  3 orc warlords
  10 draconian stormcallers
  4 broodmothers
  A cacodemon (Depths:2)
  12 stone giants
  3 spriggan defenders (Depths:3)
  16 ironbound preservers
  2 war gargoyles
  7 very ugly things
  14 draconian annihilators
  2 formless jellyfish
  7 ironbound thunderhulks
  5 deep elf annihilators (Elf:3)
  22 green draconians
  3 deep elf demonologists (Elf:3)
  4 eleionomae
  2 vampire knights
  A broodmother (shapeshifter) (Vaults:5)
  14 black draconians
  A spectral titan (WizLab)
  14 yellow draconians
  21 red draconians
  7 dire elephants
  Azrael (Elf:1)
  20 purple draconians
  4 halazid warlocks (WizLab)
  16 white draconians
  3 bunyips
  5 spark wasps
  5 deep elf death magi
  Snorg (D:11)
  2 eidola (WizLab)
  4 quicksilver dragon zombies (WizLab)
  A green death (Depths:4)
  7 ettins
  A jiangshi (WizLab)
  9 fire dragons
  7 entropy weavers
  8 great orbs of eyes
  6 deep elf high priests
  11 yaktaur captains
  8 ice dragons
  Fannar (D:11)
  2 rakshasas
  2 catoblepae
  A salamander tyrant (Depths:1)
  7 ironbound frosthearts
  28 vault guards
  12 hydras
  9 spriggan air magi
  2 jorogumos
  A radroach (Spider:4)
  An ogre mage (Vaults:3)
  2 ghost crabs
  11 alligators
  A death knight (D:13)
  A satyr (shapeshifter) (Vaults:3)
  Erica (Lair:2)
  A centaur warrior (D:13)
  33 dancing weapons
  2 two-headed ogres
  6 boulder beetles
  6 deep troll earth magi
  4 tengu warriors
  2 deep troll shamans (Depths:4)
  5 spriggan berserkers
  2 death yaks (Lair:4)
  3 orc high priests
  A titan zombie (WizLab)
  Urug (Lair:2)
  11 demonic crawlers
  4 vampire magi
  9 hell knights
  A nameless horror (Zot:5)
  2 sun demons
  15 deep elf knights
  4 skysharks
  A shadow wraith (Vaults:5)
  2 spectral spark wasps (WizLab)
  2 sun moths
  3 skeletal warriors (WizLab)
  7 goliath frogs
  Lodul (D:11)
  4 pharaoh ants
  6 iron trolls
  2 salamander mystics (Depths:1)
  A sixfirhy (Depths:1)
  A goliath frog (shapeshifter) (Vaults:5)
  A glowing orange brain (Depths:1)
  57 deep trolls
  A spark wasp zombie (WizLab)
  A deep troll (shapeshifter) (Elf:1)
  4 spriggan druids
  2 death drakes (Depths:4)
  12 orb spiders
  4 flayed ghosts
  A swamp dragon (shapeshifter) (Vaults:5)
  8 bog bodies
  10 swamp dragons
  The ghost of floatRand the Cudgeller, a novice OgWr of Sif Muna (D:7)
  9 wizards
  3 deep elf archers (Elf:1)
  6 steelbarb worms
  An obsidian statue (Zot:5)
  25 ironbound convokers
  A spectral wolf spider (WizLab)
  8 phantasmal warriors
  12 lindwurms
  4 harpies (Vaults:2)
  A sphinx zombie (Depths:1)
  22 deep elf zephyrmancers
  5 necromancers
  13 orc knights
  2 statues (D:12)
  A frost giant zombie (Depths:1)
  13 deep elf pyromancers
  28 wolf spiders
  An oklob plant (Lair:5)
  3 will-o-the-wisps
  6 salamanders (Depths:1)
  5 cyclopes
  4 orc sorcerers
  4 manticores
  A spectral spriggan (WizLab)
  33 moths of wrath
  28 ugly things
  3 rust devils
  2 black mambas
  Joseph (D:7)
  3 smoke demons
  6 torpor snails
  A black mamba (shapeshifter) (Depths:1)
  17 vault sentinels
  2 gargoyles
  Maggie (Lair:1)
  A hellion (D:15)
  21 cane toads
  An unseen horror (D:11)
  3 freezing wraiths
  2 orange demons (Depths:1)
  4 komodo dragons
  An ice devil (D:14)
  A kobold demonologist (D:12)
  A tormentor (Depths:1)
  20 yaktaurs
  A golden dragon simulacrum (Depths:1)
  A tengu conjurer (Depths:3)
  2 rime drakes (Lair:5)
  A harpy zombie (WizLab)
  3 red devils (Depths:1)
  A tengu simulacrum (Vaults:4)
  13 trolls
  6 meliai
  2 bloated husks (Swamp:4)
  2 hellwings (Depths:1)
  Prince Ribbit (D:8)
  A tyrant leech (shapeshifter) (Vaults:5)
  14 hornets
  A polar bear (Lair:3)
  A spriggan zombie (WizLab)
  2 dream sheep (Lair:1)
  Grinder (D:4)
  15 tarantellas
  4 tyrant leeches
  23 blink frogs
  A slime creature (shapeshifter) (Depths:3)
  A spriggan skeleton (Depths:1)
  2 shadows
  22 jumping spiders
  A centaur simulacrum (D:15)
  22 culicivoras
  10 flying skulls (WizLab)
  20 slime creatures
  A spriggan (shapeshifter) (Vaults:5)
  A wraith (D:11)
  2 air elementals
  2 wyverns
  2 fire bats (Depths:1)
  7 spriggans
  4 water elementals
  A hog (shapeshifter) (Elf:1)
  Eustachio (D:6)
  6 fire elementals
  2 neqoxecs
  43 yaks
  69 redbacks
  6 basilisks
  4 steam dragons
  5 hogs (D:15)
  22 vampire mosquitoes
  A redback (shapeshifter) (Vaults:5)
  Menkaure (D:4)
  Edmund (D:4)
  9 swamp worms
  3 wargs (Orc:2)
  A glowing shapeshifter zombie (Vaults:4)
  Duvessa (D:7)
  2 hell hounds (Elf:1)
  18 water moccasins
  An ogre skeleton (Vaults:4)
  34 orc warriors
  8 swamp drakes
  A black bear (D:5)
  2 human skeletons (Vaults:4)
  9 ogres
  A boggart (Vaults:2)
  7 centaurs
  A kobold brigand (D:7)
  4 gnoll sergeants
  A scorpion (D:4)
  26 bullfrogs
  4 earth elementals
  4 killer bees (D:8)
  An electric eel (Lair:5)
  2 howler monkeys
  2 hounds
  3 jellies
  4 gnoll boudas
  24 orc priests
  3 sleepcaps
  Terence (D:2)
  3 iguanas
  27 orc wizards
  42 gnolls
  16 adders
  7 river rats
  An ufetubus (D:5)
  2 worms
  2 dart slugs
  109 orcs
  22 ball pythons
  3 bats
  8 endoplasms
  14 giant cockroaches
  8 goblins
  4 hobgoblins
  13 jackals
  3 quokkas
  9 frilled lizards
  11 kobolds
  45 rats
2110 creatures vanquished.

Vanquished Creatures (collateral kills)
  A draconian monk (Depths:4)
  2 white draconians (Depths:4)
  A deep elf pyromancer (Elf:1)
4 creatures vanquished.

Vanquished Creatures (others)
  A golden dragon (Zot:2)
  A swamp dragon (Swamp:4)
  A will-o-the-wisp (Swamp:4)
  A moth of wrath (Zot:4)
  A flying skull (WizLab)
  Dowan (D:7)
  10 foxfires
  60 fulminant prisms
76 creatures vanquished.

Grand Total: 2190 creatures vanquished

Notes
Turn   | Place    | Note
-------+----------+-------------------------------------------
     0 | D:1      | motkuripzs the Deep Elf Conjurer began the quest for the
                  | Orb.
     0 | D:1      | Reached XP level 1. HP: 10/10 MP: 6/6
   178 | D:1      | Reached XP level 2. HP: 15/15 MP: 6/8
   442 | D:1      | Learned a level 2 spell: Searing Ray
  1001 | D:2      | Reached XP level 3. HP: 19/19 MP: 5/10
  1042 | D:2      | Reached skill level 5 in Conjurations
  1259 | D:2      | Noticed Terence
  1261 | D:2      | Reached XP level 4. HP: 24/24 MP: 10/12
  1660 | D:2      | Killed Terence
  1723 | D:2      | Reached skill level 5 in Spellcasting
  2076 | D:3      | Reached XP level 5. HP: 28/28 MP: 11/14
  2187 | D:3      | Learned a level 4 spell: Iskenderun's Mystic Blast
  2228 | D:3      | Found a hide-covered altar of Uskayaw.
  2230 | D:3      | Noticed a +0 hand axe
  2230 | D:3      | Noticed a +0 dagger
  2380 | D:3      | Found a broken altar of Ashenzari.
  2650 | D:3      | Reached skill level 1 in Translocations
  2683 | D:3      | Found a basalt altar of Yredelemnul.
  2973 | D:3      | Identified the +3 trident "Sumuw" {heavy, *Rage rCorr SInv}
  3028 | D:3      | Learned a level 3 spell: Dazzling Flash
  3033 | D:3      | Learned a level 4 spell: Fulminant Prism
  3074 | D:3      | Found a faded altar of an unknown god.
  3109 | D:3      | Found a burning altar of Makhleb.
  3276 | D:4      | Noticed Grinder
  3565 | D:4      | Found a glowing drain.
  3574 | Sewer    | Entered a sewer
  3629 | Sewer    | Reached XP level 6. HP: 32/32 MP: 16/16
  3630 | Sewer    | Reached skill level 1 in Hexes
  4255 | Sewer    | Reached XP level 7. HP: 25/36 MP: 10/18
  4296 | Sewer    | Learned a level 2 spell: Poisonous Vapours
  4457 | D:4      | Killed Grinder
  4458 | D:4      | Reached skill level 1 in Air Magic
  4458 | D:4      | Reached skill level 1 in Poison Magic
  4580 | D:4      | Noticed Edmund
  4600 | D:4      | Killed Edmund
  4796 | D:4      | Noticed Menkaure
  4802 | D:4      | Killed Menkaure
  4803 | D:4      | Reached XP level 8. HP: 21/41 MP: 22/22
  5122 | D:4      | Reached skill level 1 in Ice Magic
  5375 | D:5      | Entered Level 5 of the Dungeon
  5762 | D:5      | Found an iron altar of Okawaru.
  5762 | D:5      | Found a runed translucent door.
  5810 | D:5      | Reached skill level 1 in Ranged Weapons
  6014 | D:5      | Found the +0 toga "Victory" {*Victory Clar}
  6172 | D:5      | Found Sishuyhi's General Store.
  6187 | D:5      | Bought a potion of heal wounds for 75 gold pieces
  6195 | D:5      | Learned a level 5 spell: Freezing Cloud
  6582 | D:6      | Reached skill level 1 in Fighting
  6623 | D:6      | Noticed Eustachio
  6645 | D:6      | Reached skill level 1 in Evocations
  6652 | D:6      | Killed Eustachio
  7224 | D:6      | Found a staircase to the Ecumenical Temple.
  7248 | Temple   | Entered the Ecumenical Temple
  7347 | Temple   | Became a worshipper of Cheibriados the Contemplative
  7502 | D:6      | HP: 1/44 [disintegration (20)]
  7505 | D:6      | Reached XP level 9. HP: 7/48 MP: 19/23
  7825 | D:7      | Noticed a troll
  7836 | D:7      | Killed a troll
  7970 | D:7      | Reached skill level 5 in Stealth
  8135 | D:7      | Noticed Joseph
  8144 | D:7      | Killed Joseph
  8145 | D:7      | Reached skill level 1 in Armour
  8145 | D:7      | Reached skill level 5 in Dodging
  8299 | D:7      | Reached * piety under Cheibriados
  8663 | D:7      | Noticed Dowan
  8663 | D:7      | Noticed Duvessa
  8668 | D:7      | Killed Dowan
  8669 | D:7      | Reached skill level 10 in Spellcasting
  8669 | D:7      | Killed Duvessa
  8669 | D:7      | Reached ** piety under Cheibriados
  8907 | D:7      | Found a runed translucent gate.
  8908 | D:7      | Found a runed translucent gate.
  8908 | D:7      | Identified the +0 chain mail "Keoridd" {rF+ Str+3 Slay+3}
  8909 | D:7      | Found a runed translucent gate.
  8911 | D:7      | Noticed floatRand's ghost (novice OgWr)
  9293 | D:8      | Reached XP level 10. HP: 39/53 MP: 18/26
  9423 | D:8      | Found a bloodstained altar of Trog.
  9584 | D:8      | Noticed Prince Ribbit
  9592 | D:8      | Killed Prince Ribbit
  9634 | D:8      | Identified the +3 chain mail of Vitzim {rPois rC- Will+}
  9739 | D:8      | Found Lullil's Weapon Shop.
 10557 | D:9      | Reached *** piety under Cheibriados
 10599 | D:9      | Reached skill level 10 in Conjurations
 10908 | D:10     | Entered Level 10 of the Dungeon
 11556 | D:10     | Got the Parchment of Limned Haze
 11989 | D:11     | Noticed Gastronok
 12111 | D:11     | Noticed Snorg
 12119 | D:11     | Killed Snorg
 12120 | D:11     | Reached skill level 5 in Ranged Weapons
 12359 | D:11     | Killed Gastronok
 12360 | D:11     | Reached XP level 11. HP: 36/60 MP: 22/28
 12530 | D:11     | Noticed Lodul
 12537 | D:10     | Learned a level 3 spell: Mephitic Cloud
 12609 | D:11     | Killed Lodul
 12744 | D:11     | Reached **** piety under Cheibriados
 13023 | D:11     | Found a staircase to the Lair.
 13325 | Lair:1   | Entered Level 1 of the Lair of Beasts
 13462 | Lair:1   | Noticed Maggie
 13467 | Lair:1   | Killed Maggie
 13859 | Lair:1   | Reached skill level 5 in Fighting
 14139 | Lair:1   | Reached skill level 10 in Dodging
 14847 | Lair:2   | Noticed Urug
 14856 | Lair:2   | Killed Urug
 14917 | Lair:2   | Identified the +10 falchion of the Valley {heavy, rElec rC+
                  | Str+3}
 14945 | Lair:2   | Noticed Erica
 14949 | Lair:2   | Paralysed by something for 4 turns
 14951 | Lair:2   | Killed Erica
 15050 | Lair:2   | Noticed a skyshark
 15052 | Lair:2   | Reached XP level 12. HP: 68/68 MP: 29/29
 15104 | Lair:2   | Learned a level 5 spell: Iskenderun's Battlesphere
 15110 | Lair:2   | Reached ***** piety under Cheibriados
 15111 | Lair:2   | Reached skill level 10 in Ranged Weapons
 15540 | Lair:3   | Found a transporter.
 15549 | Lair:3   | Found a bloodstained altar of Trog.
 15550 | Lair:3   | Found a transporter.
 15551 | Lair:3   | Noticed PROFITTTT's ghost (journeyman DEEn)
 15620 | Lair:3   | Noticed a catoblepas
 15626 | Lair:3   | Killed a catoblepas
 15679 | Lair:3   | Found a hole to the Spider Nest.
 16114 | Lair:3   | Found a staircase to the Swamp.
 16114 | Lair:3   | Noticed an eleionoma
 16118 | Lair:3   | Killed an eleionoma
 16656 | Lair:4   | Identified the amulet "Giviho" {RegenMP rF- rN+ Dex+2}
 16704 | Lair:4   | Noticed a death yak
 16706 | Lair:4   | Noticed a death yak
 16715 | Lair:4   | Killed a death yak
 16718 | Lair:4   | Killed a death yak
 17387 | Lair:5   | Entered Level 5 of the Lair of Beasts
 17392 | Lair:5   | Reached XP level 13. HP: 74/74 MP: 25/30
 17393 | Lair:5   | Reached ****** piety under Cheibriados
 17656 | Lair:5   | Reached skill level 15 in Dodging
 18710 | Lair:5   | Found a runed translucent door.
 18710 | Lair:5   | Noticed floatRand's ghost (journeyman DrSh)
 19305 | D:12     | Found a staircase to the Orcish Mines.
 19449 | D:12     | Got Moijif's Progressing With Witchery
 19628 | D:12     | Reached XP level 14. HP: 59/80 MP: 28/31
 20429 | D:13     | Reached skill level 1 in Invocations
 21128 | D:13     | Found a gate to the Vaults.
 21292 | Orc:1    | Entered Level 1 of the Orcish Mines
 21504 | Orc:2    | Entered Level 2 of the Orcish Mines
 21576 | Orc:2    | Reached skill level 5 in Invocations
 22164 | Orc:2    | Found Ulaipp's Distillery.
 22169 | Orc:2    | Bought a potion of heal wounds for 65 gold pieces
 22169 | Orc:2    | Bought a potion of curing for 39 gold pieces
 22169 | Orc:2    | Bought a potion of cancellation for 104 gold pieces
 22169 | Orc:2    | Bought 2 potions of degeneration for 26 gold pieces
 22169 | Orc:2    | Bought a potion of lignification for 39 gold pieces
 22169 | Orc:2    | Bought a potion of might for 52 gold pieces
 22347 | Orc:2    | Found Okeusam's Book Shop.
 22476 | Orc:2    | Noticed Saint Roka
 22492 | Orc:2    | Killed Saint Roka
 22624 | Orc:2    | Found Soiplo's Antique Weapon Shop.
 22626 | Orc:2    | Found Zoor's Antique Armour Boutique.
 22779 | Orc:2    | Reached skill level 15 in Ranged Weapons
 22826 | Orc:2    | Found a staircase to the Elven Halls.
 23012 | Orc:1    | Found Wuav's Distillery.
 23300 | Orc:1    | Found Hugatzul's General Store.
 23308 | Orc:1    | Bought a potion of mutation for 136 gold pieces
 23316 | Orc:1    | Bought a scroll of teleportation for 39 gold pieces
 23316 | Orc:1    | Bought the amulet of the Four Winds {rN+ Will+++ Clar} for
                  | 789 gold pieces
 23316 | Orc:1    | Found the amulet of the Four Winds {rN+ Will+++ Clar}
 23340 | Orc:1    | Bought 2 scrolls of identify for 52 gold pieces
 23369 | Orc:1    | Found Zuzof's Assorted Antiques.
 23377 | Orc:1    | Bought a scroll labelled QICOFE RINAWKI for 25 gold pieces
 23382 | Orc:1    | Acquired the amulet of Itoj {rElec Will+ Regen+ Str+4
                  | Slay+3}
 23977 | D:7      | Killed floatRand's ghost
 24131 | D:11     | Noticed Fannar
 24135 | D:11     | Killed Fannar
 24739 | D:14     | Found a stormy altar of Qazlal.
 24799 | D:14     | Reached XP level 15. HP: 90/90 MP: 32/32
 24805 | D:14     | Learned a level 5 spell: Borgnjor's Vile Clutch
 24876 | D:15     | Entered Level 15 of the Dungeon
 25034 | D:15     | Got the Parchment of Articulation
 25052 | D:15     | Reached skill level 1 in Necromancy
 25055 | D:15     | Reached skill level 1 in Earth Magic
 25127 | D:15     | Found a portal to a secret trove of treasure.
 25148 | D:15     | Noticed Kirke
 25157 | D:15     | Killed Kirke
 25210 | D:15     | Noticed Louise
 25223 | D:15     | Killed Louise
 25368 | D:15     | Found a staircase to the Depths.
 25757 | Swamp:1  | Entered Level 1 of the Swamp
 26350 | Swamp:2  | Noticed a thorn hunter
 26359 | Swamp:2  | Killed a thorn hunter
 26360 | Swamp:2  | Reached skill level 10 in Fighting
 26494 | Swamp:2  | Noticed a fenstrider witch
 26499 | Swamp:2  | Killed a fenstrider witch
 26653 | Swamp:2  | Noticed Jorgrun
 26660 | Swamp:2  | Killed Jorgrun
 27092 | Swamp:3  | Reached XP level 16. HP: 99/99 MP: 33/33
 27399 | Swamp:4  | Entered Level 4 of the Swamp
 27587 | Swamp:4  | Noticed Bai Suzhen
 27600 | Swamp:4  | Killed Bai Suzhen
 27772 | Swamp:4  | Noticed a thorn hunter
 27782 | Swamp:4  | Killed a thorn hunter
 27833 | Swamp:4  | Reached skill level 5 in Necromancy
 28078 | Swamp:4  | Got a decaying rune of Zot
 28100 | Swamp:4  | Identified the staff of the Inquisitive Places {Fragile
                  | rPois Will+++ Stlth+ Poison}
 28275 | Spider:1 | Entered Level 1 of the Spider Nest
 28279 | Spider:1 | Noticed Agnes
 28287 | Spider:1 | Killed Agnes
 28848 | Spider:1 | Learned a level 6 spell: Death Channel
 29228 | Spider:2 | Noticed Arachne
 29240 | Spider:2 | Killed Arachne
 29376 | Spider:2 | Noticed Roxanne
 29388 | Spider:2 | Killed Roxanne
 29430 | Spider:2 | Noticed Asterion
 29437 | Spider:2 | Killed Asterion
 29602 | Spider:2 | Reached XP level 17. HP: 96/106 MP: 26/36
 29872 | Spider:2 | Noticed Aizul
 29880 | Spider:2 | Killed Aizul
 29998 | Spider:3 | Noticed Nikola
 30005 | Spider:3 | Killed Nikola
 30031 | Spider:3 | Reached skill level 10 in Stealth
 30977 | Spider:4 | Entered Level 4 of the Spider Nest
 31683 | Spider:4 | Reached XP level 18. HP: 112/112 MP: 37/37
 32202 | Spider:4 | Got a gossamer rune of Zot
 32563 | Depths:1 | Entered Level 1 of the Depths
 32748 | Elf:1    | Entered Level 1 of the Elven Halls
 32782 | Elf:1    | Noticed Azrael
 32786 | Elf:1    | Killed Azrael
 33085 | Elf:1    | Found Lahijae's Book Emporium.
 33439 | Elf:1    | Found a runed translucent gate.
 33439 | Elf:1    | Found a runed translucent gate.
 33439 | Elf:1    | Found a runed translucent gate.
 33439 | Elf:1    | Found a runed translucent gate.
 33439 | Elf:1    | Found a runed translucent gate.
 33443 | Elf:1    | Found a runed translucent gate.
 33816 | Elf:2    | Reached skill level 5 in Armour
 33972 | Elf:2    | Found a runed translucent gate.
 33973 | Elf:2    | Found a runed translucent gate.
 33973 | Elf:2    | Found a runed translucent gate.
 34248 | Elf:3    | Entered Level 3 of the Elven Halls
 34359 | Elf:3    | Found a magical portal.
 34385 | WizLab   | Entered Borgnjor's Mausoleum
 34823 | WizLab   | Reached XP level 19. HP: 96/118 MP: 38/38
 35115 | WizLab   | Found the macabre finger necklace {Finger+ rN+}
 35905 | Vaults:1 | Entered Level 1 of the Vaults
 36882 | Vaults:1 | Identified the +0 flail of Kesag {protect, Str+2}
 37571 | Elf:1    | Bought a manual of Stealth for 1280 gold pieces
 37781 | Orc:1    | Bought 3 scrolls of enchant armour for 562 gold pieces
 37781 | Orc:1    | Bought a scroll of enchant armour for 187 gold pieces
 37781 | Orc:1    | Bought a scroll of enchant armour for 187 gold pieces
 37955 | D:15     | You paid a toll of +5 ice dragon scales to enter a treasure
                  | trove
 37956 | Trove    | Entered a treasure trove
 37958 | Trove    | Found the amulet of the Air {Inacc Air Fly rElec RMsl}
 37960 | Trove    | Found the dreamshard necklace {Acrobat *Dream}
 37964 | Trove    | Identified the ring "Urchish" {Will+ Str+2}
 37966 | Trove    | Identified the amulet "Hero's Friend" {Spirit -Tele rPois
                  | Will++}
 37969 | Trove    | Identified the ring "Origesoq" {rCorr EV+5 Stlth+}
 37974 | Trove    | Identified the ring of Onoumn {rN+ Str+3 Dex-2 SInv}
 37980 | Trove    | Identified the ring "Cumujudiru" {+Blink Will+++ EV+5 Dex+3
                  | Stlth-}
 37990 | Trove    | Identified the ring "Huxuh" {rN++ Str+6}
 37994 | Trove    | Identified the ring "Liorgh" {rF+ Will- AC+4 Str+4 Int+3}
 37999 | Trove    | Identified the ring "Teqak" {Str+6 Int+2 Dex+4}
 38004 | Trove    | Identified the amulet of Hijarink {Acrobat Harm}
 38015 | Trove    | Identified the ring of Hed Jaz {Will+ Str+2}
 39210 | Vaults:2 | Found a staircase to the Crypt.
 39210 | Vaults:2 | Found a basalt altar of Yredelemnul.
 39211 | Vaults:2 | Found an ancient bone altar of Kikubaaqudgha.
 39318 | Vaults:2 | Reached skill level 15 in Stealth
 39348 | Vaults:2 | Reached XP level 20. HP: 126/126 MP: 35/39
 39973 | Vaults:3 | Reached skill level 5 in Evocations
 40519 | Vaults:3 | Noticed Jory
 40535 | Vaults:3 | Killed Jory
 40764 | Vaults:4 | Noticed Sojobo
 40769 | Vaults:4 | Paralysed by an air elemental for 1 turns
 40781 | Vaults:4 | Killed Sojobo
 41348 | Vaults:4 | Found Zofestib's Distillery.
 41353 | Vaults:4 | Bought a potion of heal wounds for 60 gold pieces
 41353 | Vaults:4 | Bought a potion of invisibility for 96 gold pieces
 41807 | Vaults:4 | Identified the +2 scale mail "Hasaffoz" {rN+ Str+4}
 42214 | Depths:1 | Reached XP level 21. HP: 98/132 MP: 35/40
 42270 | Depths:1 | Found a glowing golden altar of the Shining One.
 42342 | Depths:1 | Found a one-way gate leading to the halls of Pandemonium.
 42518 | Depths:1 | Found a gateway to Hell.
 42921 | Depths:1 | Reached skill level 10 in Invocations
 43410 | Depths:2 | Found a one-way gateway to a ziggurat.
 43433 | Depths:2 | Acquired the +10 longbow "Ycairukhowe" {drain, *Corrode
                  | Dex+4}
 43453 | Depths:2 | Found Mytwe's Magic Scroll Shoppe.
 43457 | Depths:2 | Bought a scroll of blinking for 150 gold pieces
 43500 | Depths:2 | Gained mutation: You have sharp fingernails. [a neqoxec]
 43546 | Depths:2 | Found Waenini's Antique Armour Boutique.
 43847 | Depths:2 | Found Qoxedegi's Magic Scroll Shop.
 43859 | Depths:2 | Bought a scroll of blinking for 150 gold pieces
 43859 | Depths:2 | Bought a scroll of fog for 80 gold pieces
 43932 | Depths:2 | Got the Papyrus of the Changed Swarm
 43965 | Depths:2 | Found Jutiyd's Jewellery Emporium.
 44340 | Depths:3 | Identified the ring of Kupir {rPois rF+ MP+9}
 44347 | Depths:3 | Got Cahuk's Book of Phlogiston
 44380 | Depths:3 | Reached skill level 15 in Fighting
 44439 | Depths:3 | Found a one-way gate to the infinite horrors of the Abyss.
 44825 | Depths:3 | Found Ijeden's Magic Scroll Shoppe.
 44825 | Depths:3 | Found Gahouze's Assorted Antiques.
 44826 | Depths:3 | Found Ruym's Jewellery Emporium.
 44828 | Depths:3 | Found Roniat's Book Shoppe.
 45412 | Depths:4 | Entered Level 4 of the Depths
 45508 | Depths:4 | Found a flickering gateway to a bazaar.
 45513 | Bazaar   | Entered a bazaar
 45517 | Bazaar   | Found Peczeif's Armour Boutique.
 45539 | Bazaar   | Found Quranor's Weapon Emporium.
 45560 | Bazaar   | Found Feulifiro's Book Boutique.
 45580 | Bazaar   | Found Caucwor's Antique Weapon Shoppe.
 45622 | Bazaar   | Bought a manual of Fighting for 1120 gold pieces
 45628 | Bazaar   | Learned a level 5 spell: Yara's Violent Unravelling
 45639 | Bazaar   | Learned a level 7 spell: Haunt
 45743 | Depths:4 | Reached skill level 1 in Summonings
 45937 | Depths:4 | Found Muzawu's Jewellery Shop.
 45937 | Depths:4 | Found Vidatuov's Book Shoppe.
 45938 | Depths:4 | Found Yjygim's Book Shoppe.
 46238 | Depths:4 | Reached XP level 22. HP: 138/140 MP: 42/42
 46375 | Depths:4 | Noticed a golden dragon
 46386 | Depths:4 | Killed a golden dragon
 46387 | Depths:4 | Reached skill level 15 in Spellcasting
 46399 | Depths:4 | Noticed a golden dragon
 46403 | Depths:4 | Noticed a golden dragon
 46405 | Depths:4 | Noticed a golden dragon
 46468 | Depths:4 | Killed a golden dragon
 46496 | Depths:4 | Killed a golden dragon
 46650 | Depths:4 | Reached skill level 5 in Summonings
 46740 | Depths:4 | Found a gate to the Realm of Zot.
 46944 | Depths:4 | Identified the +1 ring mail of the Distant Future {rF+ rN+
                  | Will+}
 47210 | Depths:4 | Killed a golden dragon
 49274 | Elf:3    | Found the +3 pair of mountain boots {steadfast, rC+}
 49291 | Elf:3    | Identified the amulet "Fickeqouk" {Reflect Dex+4 SH+5}
 49321 | Elf:3    | Identified the +1 robe of the Cockatrice {Rampage Int+3}
 49328 | Elf:3    | Got the Codex of White Ensorcelling
 49334 | Elf:3    | Got the Excursus on Changing Quicksand
 49557 | Orc:2    | Bought a glowing hat for 252 gold pieces
 49831 | Vaults:5 | Entered Level 5 of the Vaults
 49852 | Vaults:5 | Reached XP level 23. HP: 112/155 MP: 36/44
 50105 | Vaults:5 | Noticed an ancient lich
 50113 | Vaults:5 | Killed an ancient lich
 50126 | Vaults:5 | Noticed Xtahua
 50136 | Vaults:5 | Killed Xtahua
 50137 | Vaults:5 | Reached skill level 10 in Necromancy
 50303 | Vaults:5 | Identified the +5 short sword "Axaf Yme" {antimagic, rF++}
 50391 | Vaults:5 | Reached skill level 10 in Armour
 50428 | Vaults:5 | Noticed an ancient lich
 50436 | Vaults:5 | Killed an ancient lich
 50640 | Vaults:5 | Noticed a dread lich
 50653 | Vaults:5 | Killed a dread lich
 50711 | Vaults:5 | Got a silver rune of Zot
 50962 | Vaults:5 | Got the Tome of White Accelerants
 51130 | Vaults:5 | Identified the +1 plate armour of Oprius {rN+}
 51136 | Vaults:5 | Got the Quarto of Frost and Anathema
 51637 | Zot:1    | Entered Level 1 of the Realm of Zot
 52132 | Zot:1    | Identified the ring of Winter {rF- rC+++ Str+6 Dex-3
                  | Stlth+}
 52179 | Zot:1    | Identified the ring of the Dolphin {rF+ AC+4}
 52559 | Zot:2    | Reached XP level 24. HP: 113/160 MP: 4/45
 52576 | Zot:2    | Gained mutation: You are clumsy. (Dex -2) [mutagenic glow]
 52585 | Zot:2    | Gained mutation: You have hidden genetic defects.
                  | [mutagenic glow]
 52665 | Zot:2    | Lost mutation: You have hidden genetic defects. [potion of
                  | mutation]
 52665 | Zot:2    | Lost mutation: You have sharp fingernails. [potion of
                  | mutation]
 52665 | Zot:2    | Lost mutation: You are clumsy. (Dex -2) [potion of
                  | mutation]
 52665 | Zot:2    | Gained mutation: You are agile. (Dex +4, Str/Int -1)
                  | [potion of mutation]
 52665 | Zot:2    | Gained mutation: You are partially covered in iridescent
                  | scales. (AC +2) [potion of mutation]
 52665 | Zot:2    | Gained mutation: You occasionally lose the ability to drink
                  | potions when taking damage. [potion of mutation]
 52665 | Zot:2    | Gained mutation: You possess an exceptional clarity of
                  | mind. [potion of mutation]
 52672 | Zot:2    | Noticed Vv
 52683 | Zot:2    | Killed Vv
 53804 | Zot:3    | Reached skill level 15 in Armour
 54935 | Zot:4    | Found a transporter.
 54937 | Zot:4    | Found a transporter.
 54939 | Zot:4    | Found a transporter.
 54939 | Zot:4    | Found a transporter.
 55630 | Zot:4    | Identified the +11 morningstar of Responsibility {freeze,
                  | Fragile rC+ Int+3 Dex+5}
 55864 | Zot:5    | Entered Level 5 of the Realm of Zot
 55921 | Zot:5    | Reached XP level 25. HP: 165/165 MP: 45/45
 56060 | Zot:5    | Identified the +1 mace of Demonic Exoneration {speed, rElec
                  | Dex+3}
 56665 | Zot:5    | Noticed a dread lich
 56670 | Zot:5    | Noticed an ancient lich
 56675 | Zot:5    | Noticed an orb of fire
 56678 | Zot:5    | Killed a dread lich
 56686 | Zot:5    | Killed an orb of fire
 56688 | Zot:5    | Killed an ancient lich
 56767 | Zot:5    | Noticed an ancient lich
 56769 | Zot:5    | Noticed an orb of fire
 56772 | Zot:5    | Noticed an orb of fire
 56773 | Zot:5    | Noticed an orb of fire
 56775 | Zot:5    | Lost mutation: You possess an exceptional clarity of mind.
                  | [an orb of fire]
 56775 | Zot:5    | Noticed a dread lich
 56779 | Zot:5    | Noticed a Killer Klown
 56798 | Zot:5    | Killed an ancient lich
 56800 | Zot:5    | Gained mutation: You are frail. (-10% HP) [an orb of fire]
 56801 | Zot:5    | Killed an orb of fire
 56812 | Zot:5    | Gained mutation: You occasionally shout uncontrollably at
                  | your foes. [an orb of fire]
 56937 | Zot:5    | Killed an orb of fire
 56970 | Zot:5    | Reached skill level 10 in Summonings
 56993 | Zot:5    | Killed a Killer Klown
 57111 | Zot:5    | Noticed a Killer Klown
 57118 | Zot:5    | Killed a Killer Klown
 57337 | Zot:5    | Killed a dread lich
 57397 | Zot:5    | Gained mutation: You are vulnerable to heat. (rF-) [an orb
                  | of fire]
 57399 | Zot:5    | Killed an orb of fire
 57400 | Zot:5    | Lost mutation: You occasionally lose the ability to drink
                  | potions when taking damage. [potion of mutation]
 57400 | Zot:5    | Lost mutation: You are partially covered in iridescent
                  | scales. (AC +2) [potion of mutation]
 57400 | Zot:5    | Gained mutation: Potions are less effective at restoring
                  | your health. [potion of mutation]
 57401 | Zot:5    | Lost mutation: You are agile. (Dex +4, Str/Int -1) [potion
                  | of mutation]
 57401 | Zot:5    | Lost mutation: You are vulnerable to heat. (rF-) [potion of
                  | mutation]
 57401 | Zot:5    | Lost mutation: You are frail. (-10% HP) [potion of
                  | mutation]
 57401 | Zot:5    | Gained mutation: You are agile. (Dex +4, Str/Int -1)
                  | [potion of mutation]
 57401 | Zot:5    | Gained mutation: You are covered in fur. (AC +1) [potion of
                  | mutation]
 57401 | Zot:5    | Gained mutation: You have sharp toenails. [potion of
                  | mutation]
 57527 | Zot:5    | Noticed a Killer Klown
 57527 | Zot:5    | Noticed a dread lich
 57536 | Zot:5    | Killed a dread lich
 57561 | Zot:5    | Killed a Killer Klown
 57696 | Zot:5    | Got the Orb of Zot
 57989 | D:14     | Noticed Retoxi the pandemonium lord
 58219 | D:5      | Reached XP level 26. HP: 172/172 MP: 45/45
 58266 | D:2      | Noticed Yrrugi the pandemonium lord
 58319 | D:$      | Escaped with the Orb!

Illustrated notes

Levels and vault maps discovered:
D:1:      amcnicky_arrival_abandoned_market, layout_basic,
          hangedman_decor_riveting, serial_bayou_pond_e, minmay_hexomino_f4
D:2:      minmay_evil_eye, layout_basic, st_stairs_9, uniq_terence
D:3:      minmay_roachtagon, layout_loops_ring,
          nicolae_overflow_ecumenical_swirl, old_standard_altar,
          dancing_weapons_uskayaw, lemuel_round_altar
D:4:      layout_basic, portal_sewer_entry_e, serial_bayou_ford_a,
          nicolae_underground_beach, uniq_edmund, uniq_grinder, uniq_menkaure
D:5:      layout_gridville, nicolae_overflow_guarded_unrand_okawaru_victory,
          kennysheep_small_circle
D:6:      layout_rooms, temple_pool_b, corexii_item_surrounded_by_moat,
          st_stairs_11, uniq_eustachio
D:7:      layout_gridville, biasface_ghost_orc_armoury, uniq_duvessa,
          uniq_joseph
D:8:      layout_loops_ring, mainiacjoe_overflow_tiny_flanked, serial_shops,
          nicolae_shop_crystal, uniq_prince_ribbit1
D:9:      layout_basic, chequers_jeans
D:10:     layout_basic
D:11:     lemuel_ice_spiral_2, layout_irregular_city, lair_entry_dummy,
          uniq_fannar, uniq_snorg, uniq_lodul, uniq_gastronok
D:12:     layout_cave_pods, orc_0_dummy, minmay_dual_archer_statues
D:13:     minmay_dotted_concentric_squares, layout_loops_ring, erik_vaults_1
D:14:     layout_loops_cross, nicolae_qazlal_general_emergency
D:15:     grunt_enter_depths_snipers, layout_rooms, enter_trove_2,
          dreamdust_princess_corridor, uniq_louise, uniq_kirke
Temple:   regret_index_temple_sphere_string
Lair:1:   layout_layer_cave, lemuel_fruit_tree, serial_bayou_shore_a,
          uniq_maggie
Lair:2:   layout_chaotic_city, chequers_serial_rivers_marsh,
          lemuel_old_faithful, uniq_erica, uniq_urug
Lair:3:   layout_roguey, alex1729_swamp_entry_worm_eleionoma,
          dummy_spider_entry, gammafunk_ghost_wrathful_warriors
Lair:4:   layout_hall_layers
Lair:5:   minmay_lair_end_frog_pond, layout_cave_pods,
          minmay_slime_entry_oklob_enclosed, gammafunk_ghost_grave, minivault_27
Swamp:1:  layout_falls_marsh, nicolae_swamp_small_spring,
          infiniplex_staircase_pool_2
Swamp:2:  layout_falls_marsh, evilmike_swamp_ruin_house_5,
          infiniplex_staircase_pool, uniq_jorgrun
Swamp:3:  layout_basic_swamp, evilmike_swamp_ruin_house_6
Swamp:4:  swamp_basic_johnstein, layout_basic_swamp, uniq_bai_suzhen
Spider:1: nicolae_spider_hall_of_the_moth_king, uniq_agnes
Spider:2: layout_spider_delve, nicolae_spider_circle_web, uniq_asterion,
          uniq_arachne, uniq_aizul, uniq_roxanne
Spider:3: layout_spider_delve, uniq_nikola
Spider:4: spider_rune_water
Orc:1:    layout_caves, serial_shops, nicolae_shop_competitors_out_of_business,
          nicolae_diamond_shop, nicolae_shop_tiny_waterfront, shop, uniq_sonja
Orc:2:    grunt_orc_community_town_hall, layout_diamond_mine,
          grunt_orc_community_big_house_2, grunt_orc_community_big_house_2,
          grunt_orc_community_house_2, grunt_orc_community_house_2,
          grunt_orc_community_house_3, grunt_orc_community_house_1,
          grunt_orc_community_house_2, grunt_orc_community_house_1
Elf:1:    layout_loops_cross, serial_shops, shop, orc_legates, uniq_azrael
Elf:2:    nicolae_elf_blades_crystal_corner, layout_geoelf_octagon
Elf:3:    minmay_elf_hall_dome, layout_loops_cross,
          lightli_enter_wizlab_magi_temple, st_stairs_6,
          statue_in_the_mist_lemuel
Vaults:1: nicolae_vaults_angled_halls, ontoclasm_vaults_echo,
          nicolae_vaults_cochlea, hangedman_vaults_river_flow, v_rooms_6,
          nicolae_vaults_weapon_check, nicolae_vaults_sesquioval_fish,
          ontoclasm_vaults_shuriken, nicolae_vaults_house_1,
          layout_vaults_omnigrid
Vaults:2: nicolae_vaults_trapezoid_lopsided_3, nicolae_vaults_closet_pinwheel_3,
          nicolae_vaults_lopsided_apartments, nicolae_vaults_house_2,
          minmay_crypt_entry_necro_gods, nicolae_vaults_trapezoid_lopsided_1,
          v_alt_pattern_5, hangedman_vaults_capsules, grunt_vaults_funnel,
          nicolae_vaults_spaceships, nicolae_vaults_mini_display_case,
          nicolae_vaults_apartment_1, ontoclasm_vaults_ring_square,
          nicolae_vaults_little_squares_5, nicolae_vaults_hexular_roomagon,
          nicolae_vaults_tetromino_T_2, nicolae_vaults_gold_heap,
          nicolae_vaults_tetromino_L_1, layout_vaults_omnicross
Vaults:3: nicolae_vaults_surprise_closet, v_misc_24, hangedman_vaults_trim,
          v_misc_13, hangedman_vaults_slice, vaults_room_door_ring,
          hangedman_vaults_corner_blocks, v_rooms_3, ontoclasm_vaults_gallery,
          vaults_standard_mumra_x, vaults_dpeg_encased_lava,
          nicolae_vaults_alarming, nicolae_vaults_diagonal_hallway_8,
          nicolae_vaults_double_plus_1, layout_vaults_maze_snakey, uniq_jory,
          uniq_margery
Vaults:4: nicolae_vaults_more_shelving_1, hangedman_vaults_restitches,
          nicolae_vaults_storage_closets_2, v_misc_15, ontoclasm_vaults_chip,
          vaults_room_door_ring, v_rooms_4,
          vaults_standard_mumra_enter_the_diamond, ontoclasm_vaults_idyll,
          nicolae_vaults_trapezoid_lopsided_3, layout_vaults_omnibox,
          serial_shops, nicolae_shop_real_fake_doors, uniq_sojobo
Vaults:5: uniq_xtahua
Depths:1: minmay_containers, layout_basic, lightli_too_deep,
          grunt_pan_entry_sceptre, tso_altar
Depths:2: kennysheep_ambush_hall, layout_basic, enter_ziggurat_c,
          minmay_misc_feat_square, serial_shops, shop,
          nicolae_shop_pleasant_corner_grove, nicolae_diamond_shop, shop,
          rand_demon_pan_entry_5, pf_dread_powers_of_hell, firewood_loft
Depths:3: minmay_fractal_lines_corner, layout_small_grid, solitary_fountain,
          hell_entry, abyss_entry, roderic_serpentine_path, kennysheep_nub,
          infiniplex_staircase_spiral, minmay_shoptagon, grunt_megastairs_5
Depths:4: lemuel_castle_with_subvaults [lemuel_castle_interior_original],
          layout_gridville, chequers_serial_rivers_micro_e, serial_shops,
          bzr_entry_dummy, grunt_hell_entry_dis_old, minmay_shop_grove
Zot:1:    kennysheep_oblong_rooms, layout_misc_corridors
Zot:2:    layout_twisted_circle, grunt_ministairs_5, uniq_vv
Zot:3:    layout_twisted_circle
Zot:4:    grunt_deathspiral_small, layout_onion_interference,
          nicolae_diode_quadrants
Zot:5:    layout_gridlike, grunt_ministairs_1, lemuel_golem_globe

Skill      XL: |  1  2  3  4  5  6  7  8  9 10 11 12 13 14 15 16 17 18 19 20 21 22 23 24 25 |
---------------+----------------------------------------------------------------------------+-----
Dodging        | 3 4 6 8 10 13 17 18 19 20 21 22 23 24 | 24.0
Stealth        | 3 4 5 9 10 15 20 21 | 21.0
Spellcasting   | 4 5 6 8 10 11 13 14 15 16 | 16.0
Conjurations   | 5 6 7 8 9 10 11 | 11.0
Translocations | 1 2 |  2.0
Hexes          | 2 3 |  3.0
Air Magic      | 2 3 |  3.0
Poison Magic   | 1 |  1.0
Ice Magic      | 2 3 4 |  4.0
Ranged Weapons | 3 4 6 9 13 14 16 18 20 21 22 23 24 | 24.6
Fighting       | 1 2 3 5 6 9 10 11 12 13 14 15 19 | 19.0
Evocations     | 2 4 5 |  5.0
Armour         | 2 3 6 8 13 17 18 | 18.1
Invocations    | 5 6 8 9 11 | 11.0
Necromancy     | 3 6 8 10 14 | 14.0
Earth Magic    | 3 |  3.0
Summonings     | 2 6 7 11 | 11.6

Action                     |  1- 3 |  4- 6 |  7- 9 | 10-12 | 13-15 | 16-18 | 19-21 | 22-24 | 25-27 || total
---------------------------+-------+-------+-------+-------+-------+-------+-------+-------+-------++-------
  Melee: Unarmed           |       |     7 |       |       |       |       |       |       |       ||     7
         Dagger            |       |     8 |       |     1 |       |       |       |       |       ||     9
   Fire: Shortbow          |       |       |    51 |    30 |       |       |       |       |       ||    81
         Sling             |       |       |     1 |       |       |       |       |       |       ||     1
         Orcbow            |       |       |       |   348 |   392 |       |       |       |       ||   740
         Longbow           |       |       |       |       |   568 |  1013 |  1257 |  1267 |   461 ||  4566
   Cast: Magic Dart        |    36 |   175 |   100 |    12 |     6 |       |       |       |       ||   329
         Searing Ray       |     4 |    19 |    37 |    12 |       |       |       |       |       ||    72
         Fulminant Prism   |       |     2 |    26 |    23 |     6 |     1 |     2 |       |       ||    60
         Iskenderun's Myst |       |     1 |    11 |    43 |    76 |    30 |     1 |     4 |     1 ||   167
         Poisonous Vapours |       |       |    14 |     2 |     1 |       |       |       |       ||    17
         Dazzling Flash    |       |       |     6 |     7 |     3 |       |       |       |       ||    16
         Freezing Cloud    |       |       |       |    28 |    60 |    50 |    47 |    37 |    12 ||   234
         Mephitic Cloud    |       |       |       |     3 |     3 |       |       |       |       ||     6
         Iskenderun's Batt |       |       |       |     2 |     2 |       |       |       |       ||     4
         Borgnjor's Vile C |       |       |       |       |     1 |    15 |    21 |    28 |     9 ||    74
         Death Channel     |       |       |       |       |       |     2 |       |     2 |     2 ||     6
         Haunt             |       |       |       |       |       |       |       |       |     4 ||     4
         Yara's Violent Un |       |       |       |       |       |       |       |       |     1 ||     1
 Invoke: Slouch            |       |       |       |       |       |     3 |     7 |     7 |     4 ||    21
         Step From Time    |       |       |       |       |       |       |       |       |     1 ||     1
  Evoke: Wand              |       |       |       |     4 |     3 |     3 |     4 |       |     4 ||    18
         Phial of floods   |       |       |       |       |       |       |     2 |     1 |     1 ||     4
         Condenser vane    |       |       |       |       |       |       |       |     1 |       ||     1
         Lightning rod     |       |       |       |       |       |       |       |     7 |     1 ||     8
         Phantom mirror    |       |       |       |       |       |       |       |     1 |     2 ||     3
    Use: Potion            |       |       |     1 |       |     1 |     3 |       |     5 |    17 ||    27
         Scroll            |       |       |       |     8 |    16 |    10 |    12 |    18 |     8 ||    72
   Stab: Paralysed         |       |       |       |     1 |       |       |       |       |       ||     1
 Armour: Skin              |       |     2 |       |       |       |       |       |       |       ||     2
         Robe              |       |     3 |     5 |     1 |     8 |    45 |    25 |    12 |       ||    99
         Troll leather arm |       |       |     9 |    18 |     3 |       |       |       |       ||    30
         Fire dragon scale |       |       |       |       |       |       |       |    63 |    32 ||    95
  Dodge: Dodged            |     2 |    33 |    73 |   102 |   244 |   677 |   452 |   602 |   264 ||  2449
         Repelled          |       |       |       |       |     2 |     6 |     1 |       |       ||     9
  Block: Other             |       |       |       |     8 |    33 |       |       |       |       ||    41
         Reflection        |       |       |       |       |     3 |       |       |       |       ||     3

Table legend: (Time is in decaauts)
 A = Elapsed time spent in this place.
 B = Non-inter-level travel time spent in this place.
 C = Inter-level travel time spent in this place.
 D = Time resting spent in this place.
 E = Time spent auto-exploring this place.
 F = Levels seen in this place.
 G = Mean time per level.
                   A        B        C        D        E       F      G
               +--------+--------+--------+--------+--------+-----+--------+
         Total |  87214 |  75511 |  11703 |   4485 |  57748 |  52 | 1677.2 |
       Dungeon |  23944 |  19437 |   4507 |   1494 |  14771 |  15 | 1596.3 |
        Temple |    131 |    100 |     31 |      0 |      0 |   1 |  131.0 |
          Lair |   9569 |   8914 |    655 |    453 |   7523 |   5 | 1913.8 |
         Swamp |   4086 |   3872 |    214 |    248 |   3100 |   4 | 1021.5 |
   Spider Nest |   5889 |   5495 |    394 |    160 |   4422 |   4 | 1472.2 |
  Orcish Mines |   4049 |   3063 |    986 |    354 |   2072 |   2 | 2024.5 |
   Elven Halls |   6680 |   5595 |   1085 |    689 |   3858 |   3 | 2226.7 |
        Vaults |  12218 |  10174 |   2044 |     48 |   8173 |   5 | 2443.6 |
        Depths |   8740 |   7662 |   1078 |    111 |   6444 |   4 | 2185.0 |
           Zot |   9362 |   8656 |    706 |    791 |   5972 |   5 | 1872.4 |
        Bazaar |    306 |    306 |      0 |      0 |    155 |   1 |  306.0 |
         Trove |    352 |    352 |      0 |      0 |      0 |   1 |  352.0 |
         Sewer |    857 |    857 |      0 |     62 |    600 |   1 |  857.0 |
        Wizlab |   1025 |   1025 |      0 |     72 |    655 |   1 | 1025.0 |
               +--------+--------+--------+--------+--------+-----+--------+

Top non-repeatable levels by time:
   Orc:2: 3145 daAuts
Vaults:2: 3002 daAuts
Depths:4: 2759 daAuts
   Zot:5: 2702 daAuts
Vaults:1: 2680 daAuts
   Elf:3: 2676 daAuts
    D:12: 2541 daAuts
  Lair:5: 2513 daAuts
  Lair:1: 2385 daAuts
Depths:3: 2373 daAuts
Vaults:5: 2336 daAuts
   Elf:1: 2255 daAuts
     D:7: 2147 daAuts
Vaults:4: 2109 daAuts
    D:10: 2108 daAuts
